 Dungeon Crawl Stone Soup version 0.19.0-2-gae57169 (webtiles) character file.

895823 Gravenous the Metallomancer (level 27, -5/267 HPs)
             Began as a Demonspawn Transmuter on Nov 5, 2016.
             Was the Champion of Cheibriados.
             Killed from afar by Lom Lobon (59 damage)
             ... with a great icy blast
             ... in Pandemonium.
             The game lasted 04:07:05 (68656 turns).

Gravenous the Metallomancer (DsTm)                 Turns: 68656, Time: 04:07:06

Health: -5/267     AC: 40    Str: 32    XL:     27
Magic:  43/43      EV: 41    Int: 42    God:    Cheibriados [******]
Gold:   6607       SH: 28    Dex: 34    Spells: 11 memorised, 1 level left

rFire  + + +     SeeInvis +       - Unarmed
rCold  + . .     Gourm    .     (armour currently unavailable)
rNeg   + + +     Faith    .     i - +2 shield {rF+}
rPois  ∞         Spirit   .     o - +1 helmet "Wipsoxam" {rC- rN+ MR+ Str+4}
rElec  +         Reflect  .     t - +2 cloak
rCorr  .         Harm     .     (gloves currently unavailable)
MR     +++++                    (boots unavailable)
Stlth  +++++++...               E - amulet of the Fortune-Teller {+Rage rF++ rC++ Str-2}
                                F - ring "Woapu" {Slay+5 SInv}
                                H - ring "Iphail" {rF- MR+++ MP+9 Str+6}

@: agile, statue-form, frozen, flying (expiring), very slow
A: fangs 1, hooves 3, large bone plates 3, blurry vision 1, fire resistance 1,
frail 1, low mp 2, negative energy resistance 1, nightstalker 3, powered by pain
3, regeneration 1, screaming 2, 50% torment resistance, weak 1, wild magic 1,
black mark, MP-powered wands
a: End Transformation, Bend Time, Temporal Distortion, Slouch, Step From Time,
Renounce Religion, Evoke Berserk Rage
}: 5/15 runes: barnacled, silver, golden, abyssal, gossamer


You were in Pandemonium.
You worshipped Cheibriados.
Cheibriados was exalted by your worship.
You were not hungry.
You were a stone statue.
You visited 12 branches of the dungeon, and saw 55 of its levels.
You visited Pandemonium 1 time, and saw 8 of its levels.
You visited the Abyss 1 time.
You visited 1 bazaar.
You visited 1 ziggurat, and saw 17 of its levels.
You also visited: Labyrinth.

You collected 9689 gold pieces.
You spent 3082 gold pieces at shops.

Inventory:

Hand Weapons
 m - the +7 sceptre of Torment
   (You found it on level 1 of the Crypt)
Armour
 b - a +1 robe (melded)
 c - the cursed +1 robe of Spite {rN+ Slay+2, unknown}
   (You found it on level 12 of a ziggurat)

   It affects your accuracy and damage with ranged weapons and melee attacks
   (+2).
   It protects you from negative energy.
   It has a curse placed upon it.
 i - a +2 shield of fire resistance (worn)
 o - the +1 helmet "Wipsoxam" (worn) {rC- rN+ MR+ Str+4}
   (You found it on level 3 of the Elven Halls)

   It affects your strength (+4).
   It makes you vulnerable to cold.
   It protects you from negative energy.
   It affects your resistance to hostile enchantments.
 t - a +2 cloak (worn)
Magical Staves
 J - an uncursed staff of wizardry
 M - an uncursed staff of energy
Jewellery
 y - the ring of Dehitoc {Wiz rF+ MR+ Str+3}
   (You bought it in a shop in a bazaar)

   [ring of wizardry]

   It improves your spell success rate.
   It affects your strength (+3).
   It protects you from fire.
   It affects your resistance to hostile enchantments.
 D - an uncursed ring of protection from cold
 E - the amulet of the Fortune-Teller (around neck) {+Rage rF++ rC++ Str-2}
   (You bought it in a shop on level 3 of the Depths)

   [amulet of rage]

   It affects your strength (-2).
   It greatly protects you from fire.
   It greatly protects you from cold.
   It lets you go berserk.
 F - the ring "Woapu" (right hand) {Slay+5 SInv}
   (You found it on level 1 of the Depths)

   [ring of see invisible]

   It affects your accuracy and damage with ranged weapons and melee attacks
   (+5).
   It lets you see invisible.
 H - the ring "Iphail" (left hand) {rF- MR+++ MP+9 Str+6}
   (You found it on level 3 of the Elven Halls)

   [ring of magical power]

   It affects your strength (+6).
   It makes you vulnerable to fire.
   It affects your resistance to hostile enchantments.
   It affects your magic capacity (+9).
 I - the ring "Kecvath" {rN+ MP+9 Slay+2 Stlth+}
   (You acquired it on level 3 of the Depths)

   [ring of slaying]

   It affects your accuracy and damage with ranged weapons and melee attacks
   (+2).
   It protects you from negative energy.
   It affects your magic capacity (+9).
   It makes you more stealthy.
 V - the ring of Miracles {rCorr Str+3}
   (You found it on level 3 of the Tomb of the Ancients)

   [ring of resist corrosion]

   It affects your strength (+3).
 Y - the ring of Shaolin {EV+8}
   (You found it on level 4 of the Depths)

   [ring of evasion]

   It affects your evasion (+8).
Wands
 e - a wand of heal wounds (5/9)
 u - a wand of digging (4/24)
 x - a wand of disintegration (19/24)
 P - a wand of teleportation (7/9)
 T - a wand of teleportation (6/9)
Scrolls
 g - 12 scrolls of fog
 k - 11 scrolls of enchant armour
 q - a scroll of amnesia
 v - 5 scrolls of magic mapping
 A - 29 scrolls of teleportation
 C - 29 scrolls of remove curse
 K - 6 scrolls of blinking
 L - 3 scrolls of silence
 O - 8 scrolls of fear
 W - 10 scrolls of recharging
Potions
 a - 6 potions of cancellation
 j - 26 potions of curing
 n - 2 potions of beneficial mutation
 z - 7 potions of resistance
 N - 2 potions of magic
 R - 13 potions of heal wounds
 U - 8 potions of might
 Z - 6 potions of cure mutation
Books
 l - a book of the Tempests

   Spells                             Type                      Level
   a - Static Discharge               Conjuration/Air              3
   b - Lightning Bolt                 Conjuration/Air              5
   c - Fireball                       Conjuration/Fire             5
   d - Tornado                        Air                          9
   e - Shatter                        Earth                        9
 s - a book of Annihilations

   Spells                             Type                      Level
   a - Poison Arrow                   Conjuration/Poison           6
   b - Chain Lightning                Conjuration/Air              8
   c - Lehudib's Crystal Spear        Conjuration/Earth            8
   d - Glaciate                       Conjuration/Ice              9
   e - Fire Storm                     Conjuration/Fire             9
 X - the Almanac of the Quantum Snowflakes
   (You found it on level 16 of a ziggurat)

   Spells                             Type                      Level
   a - Apportation                    Translocation                1
   b - Gell's Gravitas                Hexes/Translocation          3
   c - Ice Form                       Ice/Transmutation            4
   d - Simulacrum                     Ice/Necromancy               6
   e - Dispersal                      Translocation                6
Miscellaneous
 B - 9 phantom mirrors
 Q - a figurine of a ziggurat
 S - a crystal ball of energy
Comestibles
 d - 11 bread rations
 f - 33 beef jerkies
 h - 26 meat rations
 p - 25 royal jellies
 r - 58 fruits
 G - 5 slices of pizza


   Skills:
 - Level 21.5 Fighting
 - Level 20.0 Dodging
 - Level 16.3 Shields
 - Level 20.1 Unarmed Combat
 - Level 15.7 Spellcasting
 - Level 8.8 Translocations
 - Level 10.7 Transmutations
 * Level 17.7 Air Magic
 - Level 26.5 Earth Magic
 - Level 12.7 Invocations
 - Level 11.8 Evocations


You had one spell level left.
You knew the following spells:

 Your Spells              Type           Power        Failure   Level  Hunger
a - Regeneration          Chrm/Necr      #####.....   4%          3    None
b - Controlled Blink      Tloc           N/A          99%         8    ####...
c - Tornado               Air            ########..   54%         9    ######.
e - Statue Form           Tmut/Erth      ########.    1%          6    None
f - Apportation           Tloc           #######...   1%          1    None
h - Blink                 Tloc           N/A          1%          2    None
i - Repel Missiles        Chrm/Air       ######       1%          2    None
j - Deflect Missiles      Chrm/Air       #######...   8%          6    None
k - Passage of Golubria   Tloc           N/A          1%          4    None
l - Iron Shot             Conj/Erth      ########..   1%          6    None
m - Shatter               Erth           ########..   4%          9    ######.


Dungeon Overview and Level Annotations

Branches:
Dungeon (15/15)            Temple (1/1) D:6            Lair (6/6) D:11
 Shoals (4/4) Lair:4       Spider (4/4) Lair:4        Slime (0/5) Lair:6
    Orc (2/2) D:11            Elf (3/3) Orc:2        Vaults (5/5) D:14
  Crypt (3/3) Vaults:2       Tomb (3/3) Crypt:3      Depths (5/5) D:15
    Zot (4/5) Depths:5

Altars:
Ashenzari
Cheibriados
Elyvilon
Gozag
Hepliaklqana
Makhleb
Qazlal
Sif Muna
Vehumet
Xom
Yredelemnul
The Shining One
Beogh

Shops:
D:11 ***   D:14 *   Orc:2 [!}%   Elf:1 *   Elf:3 (   Shoals:3 [   Vaults:4 :
Vaults:5 %   Depths:3 =

Portals:
Hell: Depths:1 Depths:2 Depths:3 Depths:4 Depths:5
Abyss: Depths:4
Pandemonium: Orc:2 Depths:1 Depths:3 Depths:5

Annotations:
D:9 exclusion: hill giant
Elf:2 3 runed doors
Depths:1 exclusion: orange crystal statue
Depths:4 3 runed doors
Pan Lom Lobon


Innate Abilities, Weirdness & Mutations

You have hooves in place of feet.
(You are completely covered in large bone plates. (SH +8))
You resist negative energy. (rN+)
You are completely attuned to the shadows.
You are powered by pain.
You are somewhat able to resist unholy torments (1 in 2 success).
Your melee attacks may debilitate your foes.
You have very sharp teeth.
Scrolls take you a little longer to read.
Your flesh is heat resistant. (rF+)
You are frail. (-10% HP)
Your magical capacity is very low. (-20% MP)
Your natural rate of healing is unusually fast.
You sometimes yell uncontrollably at your foes.
You are weak. (Str -2)
Your spells are a little harder to cast, but a little more powerful.
You expend magic power (3 MP) to strengthen your wands.


Message History

You pummel Lom Lobon!! Your kick misses Lom Lobon.
Lom Lobon is severely wounded.
You are engulfed in freezing vapours.
You resist.
* * * LOW HITPOINT WARNING * * *
x2 You block Lom Lobon's attack.
Unknown command.
You barely miss Lom Lobon. You kick Lom Lobon.
Lom Lobon is severely wounded.
You are engulfed in freezing vapours.
You resist.
* * * LOW HITPOINT WARNING * * *
The winds around Lom Lobon start to calm down.
Lom Lobon completely misses you.
Unknown command.
You pummel Lom Lobon!! Your kick misses Lom Lobon.
Lom Lobon is almost dead.
You are engulfed in freezing vapours.
You resist. Lom Lobon gestures at you.
Lom Lobon conjures a mighty blast of ice!
The great icy blast engulfs you! You partially resist.
You die...

#≈≈≈##.........
#≈≈≈≈#....§§§§§§§§§
#≈≈≈≈≈...§§§§§§§§§§§
#≈≈≈≈...).§§§§§§§§§§§
#≈≈≈....))§§§§§§§§§§§
≈≈.....#..§§§§§§8§§§§
≈≈≈...≈##.§§§§§&§§§§§
≈......≈#.§§§§§§§§§§§
≈≈....≈≈##§§§§§§§.§§§
≈....≈≈≈≈##§§§§§§§§§#
≈...≈.≈≈≈≈###§§§§§###
≈....≈≈≈≈ #######
≈....≈≈≈≈ ≈.....≈≈≈≈


You could see Lom Lobon.

Vanquished Creatures
  Khufu (Crypt:3)
  8 pandemonium lords
  5 juggernauts
  An ancient lich (Tomb:2)
  28 greater mummies
  Bai Suzhen (Vaults:4)
  Frederick (Tomb:2)
  A caustic shrike (Depths:4)
  A curse toe (Zot:4)
  6 golden dragons
  5 bone dragons
  4 profane servitors
  4 electric golems (Zot:1)
  A Brimstone Fiend (Zig:8)
  15 tentacled monstrosities
  A hellephant (Abyss:3)
  7 Tzitzimimeh
  An Ice Fiend (Zig:8)
  3 Hell Sentinels
  6 quicksilver dragons
  4 deep elf blademasters
  3 titans
  15 liches
  4 acid blobs
  2 deep elf master archers (Zig:7)
  15 tentacled starspawn
  6 Executioners
  An eldritch tentacle (Pan)
  10 shadow dragons
  5 ancient champions
  16 sphinxes
  6 death cobs
  4 draconian monks
  13 storm dragons
  8 fire giants
  6 revenants
  Ilsuiw (Shoals:4)
  A daeva (Abyss:3)
  6 azure jellies
  Louise (Shoals:1)
  7 tengu reavers
  8 deep elf sorcerers
  7 frost giants
  25 vault wardens
  7 draconian knights
  3 orc warlords
  7 ghost moths
  9 draconian scorchers
  9 emperor scorpions
  3 curse skulls
  3 cacodemons (Pan)
  A spectral juggernaut (Zig:17)
  11 draconian zealots
  7 balrugs
  8 ghouls
  43 large abominations
  8 draconian shifters
  5 reapers
  4 deep elf elementalists (Elf:3)
  A juggernaut zombie (Zig:5)
  7 blood saints (Pan)
  13 draconian annihilators
  A spriggan defender (Depths:4)
  2 warmongers
  5 war gargoyles
  5 draconian callers
  2 bennus (Tomb:2)
  24 ironheart preservers
  31 stone giants
  9 entropy weavers
  12 vampire knights
  42 very ugly things
  2 ophanim (Abyss:3)
  2 corrupters
  7 green draconians
  8 black suns
  12 black draconians
  10 lorocyprocas (Pan)
  4 deep elf demonologists
  11 white draconians
  A spark wasp (Spider:4)
  20 deep elf annihilators
  9 purple draconians
  13 mottled draconians
  11 yellow draconians
  16 deep elf death magi
  8 merfolk javelineers
  10 red draconians
  21 mummy priests
  A minotaur (Lab)
  8 blizzard demons
  9 death oozes
  5 eidola
  A crystal guardian (Vaults:3)
  11 ettins
  21 yaktaur captains
  10 merfolk impalers
  10 deep elf high priests
  22 jiangshi
  10 green deaths
  9 fire dragons
  Fannar (Lair:1)
  47 vault guards
  A spectral golden dragon (Zig:17)
  9 monstrous demonspawn (Pan)
  12 ice dragons
  7 great orbs of eyes
  A catoblepas (Shoals:3)
  17 hydras
  2 hell beasts (Pan)
  7 rakshasas
  4 spriggan air magi
  6 centaur warriors
  A spectral tengu (Zig:17)
  12 death knights
  2 merfolk avatars
  48 death scarabs
  5 merfolk aquamancers
  An anaconda (shapeshifter) (Depths:5)
  20 dancing weapons
  3 alligators (Zig:12)
  32 ogre magi
  5 death yaks
  13 deep troll shamans
  7 vampire magi
  23 thrashing horrors
  2 satyrs (Shoals:4)
  6 tengu warriors
  2 spriggan berserkers (Depths:4)
  2 titan zombies
  A queen ant (Spider:3)
  8 orc high priests
  31 deep troll earth magi
  Urug (D:13)
  Nergalle (D:12)
  18 deep elf knights
  14 soul eaters
  3 spriggans
  Sonja (Lair:2)
  12 wretched stars
  12 sixfirhies
  17 sun demons
  7 iron trolls
  A fire crab (shapeshifter) (D:15)
  40 skeletal warriors
  A storm dragon skeleton (Abyss:2)
  4 spatial maelstroms
  8 shadow wraiths
  A death drake (Zig:12)
  6 shadow demons
  13 wizards
  A ghost moth zombie (Tomb:2)
  3 unseen horrors
  13 sea snakes
  49 starcursed masses
  9 flayed ghosts
  A spark wasp zombie (Crypt:1)
  7 infernal demonspawn
  An anaconda zombie (Tomb:1)
  5 gelid demonspawn
  4 glowing orange brains
  12 phantasmal warriors
  4 swamp dragons (Zig:12)
  79 deep trolls
  A shadow dragon zombie (Abyss:3)
  20 deep elf archers
  8 torturous demonspawn
  15 orb spiders
  An anaconda skeleton (Crypt:1)
  16 hill giants
  24 orc knights
  Pikel (D:9)
  65 deep elf magi
  28 harpies
  A wolf spider zombie (D:9)
  2 tengu zombies (Zig:5)
  24 ironbrand convokers
  An orb spider (shapeshifter) (Vaults:1)
  6 necromancers
  An iron dragon zombie (Crypt:1)
  33 wolf spiders
  A shining eye (Zig:16)
  The ghost of Khazard the Destroyer, a novice TeWz of Makhleb (D:7)
  11 manticores
  3 fauns (Shoals:4)
  22 orc sorcerers
  61 ugly things
  28 moths of wrath
  3 worldbinders
  A cyclops (shapeshifter) (Depths:3)
  2 fire giant zombies
  A stone giant skeleton (Zig:5)
  A centaur zombie (D:15)
  2 elephants (shapeshifter)
  18 cyclopes
  26 vault sentinels
  2 apocalypse crabs
  A water nymph (shapeshifter) (Depths:2)
  Joseph (D:8)
  A fire giant skeleton (Tomb:1)
  A naga mage (D:15)
  2 black mambas
  2 rust devils
  8 elephants
  A torpor snail (shapeshifter) (D:14)
  8 sirens
  An eye of devastation (Zig:9)
  An eye of devastation (shapeshifter) (Depths:4)
  A spectral elf (Zig:17)
  6 water nymphs
  25 spiny frogs
  3 torpor snails
  44 smoke demons
  Maurice (Orc:2)
  A gargoyle (D:13)
  A kobold demonologist (D:13)
  A dire elephant skeleton (Crypt:1)
  A komodo dragon (shapeshifter) (D:14)
  A rime drake (Lair:6)
  7 hellions (Pan)
  An emperor scorpion zombie (Crypt:3)
  12 orange demons
  A yaktaur (shapeshifter) (D:14)
  An efreet (Abyss:4)
  A redback zombie (D:15)
  10 tormentors
  68 yaktaurs
  21 hellwings
  57 guardian mummies
  21 freezing wraiths
  An iron troll zombie (Crypt:2)
  7 komodo dragons
  25 demonic crawlers
  2 harpy zombies
  A troll (shapeshifter) (Depths:2)
  8 red devils
  A queen bee (Abyss:4)
  21 trolls
  A catoblepas skeleton (Crypt:1)
  6 ancient zymes
  6 meliai
  3 tengu conjurers (D:14)
  2 hydra zombies
  36 merfolk
  31 blink frogs
  32 jumping spiders
  A queen bee (shapeshifter) (Depths:3)
  8 polar bears (Lair:6)
  3 wind drakes
  A tyrant leech (Zig:12)
  A wind drake (shapeshifter) (Elf:1)
  22 hornets
  28 small abominations
  Grinder (D:6)
  3 bog bodies
  Prince Ribbit (Lair:2)
  22 raiju
  A stone giant simulacrum (Crypt:1)
  45 two-headed ogres
  2 hippogriffs (shapeshifter)
  An ice dragon zombie (Abyss:4)
  32 slime creatures
  2 dream sheep (Lair:6)
  19 hippogriffs
  5 snapping turtles
  A spectral swamp dragon (Crypt:3)
  9 air elementals
  A frost giant simulacrum (Abyss:4)
  10 shadows
  A spriggan zombie (Depths:1)
  2 ettin skeletons
  A deep troll zombie (Depths:1)
  60 redbacks
  77 flying skulls
  2 fire dragon skeletons
  34 tarantellas
  4 wyverns
  15 water elementals
  17 wraiths
  A vampire (D:15)
  25 ynoxinuls
  23 ushabtiu
  4 fire elementals
  62 yaks
  A golden eye (shapeshifter) (Depths:2)
  9 basilisks
  A tarantella (shapeshifter) (Elf:3)
  5 golden eyes
  18 chaos spawn
  3 hungry ghosts
  24 neqoxecs
  A vampire mosquito (Zig:12)
  2 mottled dragons
  13 wargs
  21 spatial vortices
  24 soldier ants
  An elf skeleton (Zig:3)
  7 hell hounds (Lair:6)
  7 water moccasins
  2 floating eyes (shapeshifter)
  A torturous demonspawn skeleton (Crypt:2)
  9 porcupines
  A deep troll skeleton (Crypt:1)
  A floating eye (Depths:3)
  69 orc warriors
  An ice beast (shapeshifter) (Vaults:5)
  3 sky beasts
  A deep troll simulacrum (Depths:1)
  7 necrophages
  5 phantoms
  15 black bears
  5 ice beasts
  A hornet zombie (D:14)
  18 boggarts
  3 eyes of draining
  24 wolves
  An ogre (shapeshifter) (Vaults:5)
  101 ogres
  11 centaurs
  15 crocodiles
  A spectral human (Crypt:3)
  3 big kobolds
  A yaktaur skeleton (Crypt:1)
  14 bullfrogs
  4 earth elementals
  A wyvern zombie (D:15)
  A glowing shapeshifter simulacrum (Zig:16)
  3 wyvern skeletons
  6 scorpions
  A human simulacrum (Vaults:1)
  62 killer bees
  12 wights
  3 electric eels
  8 howler monkeys
  2 bullfrog zombies (D:12)
  13 crimson imps
  27 hounds
  5 quasits
  A black bear zombie (Crypt:1)
  8 jellies
  36 orc priests
  7 iron imps
  43 orc wizards
  3 bullfrog skeletons
  Jessica (D:2)
  7 centaur skeletons
  3 iguanas
  A lightning spire (Zig:6)
  34 worker ants
  A demigod zombie (Crypt:2)
  A big kobold skeleton (Crypt:1)
  A big kobold zombie (Crypt:1)
  A naga skeleton (Crypt:2)
  A dwarf skeleton (Crypt:2)
  A felid skeleton (Crypt:2)
  A hound zombie (D:11)
  A hound skeleton (D:6)
  51 mummies
  A worker ant zombie (D:10)
  9 adders
  A gnoll (shapeshifter) (Vaults:5)
  2 howler monkey skeletons
  A scorpion zombie (Crypt:2)
  5 shadow imps
  16 white imps
  An ufetubus (Depths:1)
  An ooze (D:6)
  A lava snake zombie (Crypt:2)
  3 adder skeletons
  4 worms
  3 dart slugs
  5 leopard geckos
  139 orcs
  6 bats
  5 giant cockroaches
  6 goblins
  5 hobgoblins
  12 jackals
  27 kobolds
  9 quokkas
  2 dart slug zombies (Crypt:1)
  4 frilled lizards
  2 frilled lizard skeletons (Crypt:2)
  A giant cockroach zombie (Crypt:2)
  A jackal zombie (D:8)
  A leopard gecko zombie (D:8)
  4 rats
  2 crawling corpses (Elf:3)
  A lurking horror (Abyss:4)
  A withered plant (Shoals:3)
4078 creatures vanquished.

Vanquished Creatures (collateral kills)
  A killer bee (D:11)
1 creature vanquished.

Vanquished Creatures (others)
  A lich (Tomb:2)
  A ghost moth (Zot:2)
  A purple draconian (Zot:2)
  A green death (Pan)
  A yaktaur captain (Vaults:4)
  A deep elf high priest (Zig:15)
  A merfolk aquamancer (Shoals:4)
  8 death scarabs (Tomb:3)
  2 deep elf archers (Elf:1)
  A deep elf mage (Elf:3)
  An ugly thing (Vaults:1)
  2 cyclopes
  5 yaktaurs
  A guardian mummy (Tomb:3)
  A jumping spider (Zig:9)
  2 water elementals (Zig:15)
  11 flying skulls
  2 golden eyes (Abyss:2)
  4 slaves (D:9)
  An ogre (Vaults:5)
  A boggart (Vaults:1)
  A small abomination (Zig:16)
  A howler monkey (D:9)
  A wight (D:9)
  An orc wizard (D:7)
  2 mummies (Tomb:2)
  An adder (D:9)
  A ball lightning (Tomb:2)
  2 orcs
  2 bushes (Lair:1)
  2 demonic plants (Abyss:4)
  22 fungi
  A lurking horror (Abyss:4)
  12 plants
  36 starspawn tentacles
134 creatures vanquished.

Grand Total: 4213 creatures vanquished

Notes
Turn   | Place    | Note
-------+----------+-------------------------------------------
     0 | D:1      | Gravenous the Demonspawn Transmuter began the quest for the Orb.
     0 | D:1      | Reached XP level 1. HP: 15/15 MP: 3/3
   111 | D:1      | Gained mutation: You are slightly more attuned to the shadows. [demonic ancestry]
   111 | D:1      | Reached XP level 2. HP: 3/21 MP: 5/5
  1350 | D:1      | Gained mutation: You are significantly more attuned to the shadows. [demonic ancestry]
  1350 | D:1      | Reached XP level 3. HP: 26/26 MP: 4/6
  1498 | D:2      | Learned a level 3 spell: Spider Form
  1675 | D:2      | Found a shattered altar of Ashenzari.
  2212 | D:2      | Noticed Jessica
  2216 | D:2      | Killed Jessica
  2216 | D:2      | Gained mutation: You have large cloven feet. [demonic ancestry]
  2216 | D:2      | Reached XP level 4. HP: 32/32 MP: 3/7
  2551 | D:3      | Found an opulent altar of Gozag.
  3127 | D:4      | Found a deep blue altar of Sif Muna.
  3138 | D:4      | Reached XP level 5. HP: 33/37 MP: 4/8
  3438 | D:4      | Gained mutation: You have hoof-like feet. [demonic ancestry]
  3438 | D:4      | Reached XP level 6. HP: 43/43 MP: 2/9
  3506 | D:4      | Found a white marble altar of Elyvilon.
  3616 | D:4      | Reached skill level 5 in Transmutations
  3715 | D:4      | Learned a level 5 spell: Blade Hands
  4038 | D:5      | Entered Level 5 of the Dungeon
  4241 | D:5      | Got a crude leather armour
  4252 | D:5      | Identified the +2 leather armour of Indomitability {*Contam MR+++ Slay+6} (You found it on level 5 of the Dungeon)
  4337 | D:5      | Found a shattered altar of Ashenzari.
  4355 | D:5      | Reached XP level 7. HP: 43/48 MP: 1/10
  5207 | D:6      | Noticed Grinder
  5273 | D:6      | Found a staircase to the Ecumenical Temple.
  5279 | Temple   | Entered the Ecumenical Temple
  5306 | Temple   | Became a worshipper of Cheibriados the Contemplative
  5404 | D:6      | Killed Grinder
  5404 | D:6      | Reached skill level 5 in Dodging
  5404 | D:6      | Gained mutation: You have hooves in place of feet. [demonic ancestry]
  5404 | D:6      | Reached XP level 8. HP: 51/54 MP: 1/11
  5691 | D:7      | Noticed Khazard's ghost (novice TeWz)
  5700 | D:7      | Killed Khazard's ghost
  6343 | D:7      | Reached XP level 9. HP: 57/59 MP: 14/14
  6713 | D:7      | Reached * piety under Cheibriados
  7372 | D:8      | Reached ** piety under Cheibriados
  7407 | D:8      | Noticed Joseph
  7652 | D:8      | Killed Joseph
  7652 | D:8      | Reached skill level 10 in Transmutations
  7962 | D:8      | Reached skill level 5 in Spellcasting
  7972 | D:8      | Reached XP level 10. HP: 39/65 MP: 8/17
  8429 | D:9      | Learned a level 4 spell: Ice Form
  8635 | D:9      | Noticed Pikel
  8652 | D:9      | Killed Pikel
  8689 | D:9      | Identified 2 scrolls of acquirement
  8698 | D:9      | Learned a level 6 spell: Statue Form
  8699 | D:9      | Got a polished chain mail
  8751 | D:9      | Noticed a hill giant
  8820 | D:9      | Reached skill level 1 in Earth Magic
  8825 | D:9      | Reached *** piety under Cheibriados
  8825 | D:9      | Reached skill level 2 in Earth Magic
  9142 | D:9      | Reached skill level 3 in Earth Magic
  9663 | D:9      | Reached skill level 4 in Earth Magic
 10170 | D:9      | Reached skill level 5 in Earth Magic
 10172 | D:9      | Reached **** piety under Cheibriados
 10363 | D:10     | Entered Level 10 of the Dungeon
 10681 | D:10     | Gained mutation: You are agile. (Dex +2) [mutagenic glow]
 10842 | D:10     | Noticed a hill giant
 10853 | D:10     | Killed a hill giant
 10853 | D:10     | Reached skill level 6 in Earth Magic
 10853 | D:10     | Reached XP level 11. HP: 63/78 MP: 14/18
 10978 | D:10     | Reached skill level 5 in Fighting
 11104 | D:10     | Noticed a hill giant
 11112 | D:10     | Killed a hill giant
 11161 | D:10     | Found a glowing golden altar of the Shining One.
 11673 | D:11     | Found a staircase to the Orcish Mines.
 11696 | D:10     | Reached skill level 7 in Earth Magic
 12180 | D:11     | Reached ***** piety under Cheibriados
 12773 | D:11     | Reached skill level 8 in Earth Magic
 12795 | D:11     | Noticed a death yak
 12808 | D:11     | Killed a death yak
 12834 | D:11     | Reached skill level 9 in Earth Magic
 13053 | D:11     | Found a staircase to the Lair.
 13117 | Lair:1   | Entered Level 1 of the Lair of Beasts
 13332 | Lair:1   | Learned a level 1 spell: Apportation
 13436 | Lair:1   | Noticed Fannar
 13453 | Lair:1   | Killed Fannar
 13453 | Lair:1   | Reached skill level 10 in Earth Magic
 13602 | Lair:1   | Reached ****** piety under Cheibriados
 13919 | Lair:1   | Gained mutation: You sometimes gain a little power by taking damage. [demonic ancestry]
 13919 | Lair:1   | Reached XP level 12. HP: 86/86 MP: 15/19
 13936 | Lair:1   | Reached skill level 11 in Earth Magic
 14451 | Lair:2   | Noticed Sonja
 14458 | Lair:2   | Killed Sonja
 14460 | Lair:2   | Reached skill level 12 in Earth Magic
 14709 | Lair:2   | Noticed Prince Ribbit
 14719 | Lair:2   | Killed Prince Ribbit
 14820 | Lair:2   | Noticed a seven-headed hydra
 14825 | Lair:2   | Killed a seven-headed hydra
 15141 | Lair:2   | Reached skill level 13 in Earth Magic
 15435 | Lair:3   | Noticed a seven-headed hydra
 15462 | Lair:3   | Killed a seven-headed hydra
 15504 | Lair:3   | Gained mutation: You are completely attuned to the shadows. [demonic ancestry]
 15504 | Lair:3   | Reached XP level 13. HP: 91/91 MP: 14/20
 16018 | Lair:3   | Reached skill level 5 in Invocations
 17451 | Lair:4   | Found a staircase to the Shoals.
 17592 | Lair:4   | Found a hole to the Spider Nest.
 18429 | Lair:5   | Reached skill level 10 in Invocations
 18798 | Lair:6   | Entered Level 6 of the Lair of Beasts
 19051 | Lair:6   | Found a labyrinth entrance.
 19057 | Lab      | Entered a labyrinth
 19270 | Lab      | Noticed a minotaur
 19278 | Lab      | Killed a minotaur
 19281 | Lab      | Got a steaming glass ring
 19294 | Lab      | Got a twitching marble ring
 19302 | Lair:6   | Identified the cursed ring "Pigesu" {*Corrode rPois rC- Dex-2 Slay+5} (You found it in a labyrinth)
 19303 | Lair:6   | Identified the ring "Gonytukh" {Slay+3 SInv} (You found it in a labyrinth)
 19322 | Lair:6   | Gained mutation: You are partially covered in large bone plates. (SH +4) [demonic ancestry]
 19322 | Lair:6   | Reached XP level 14. HP: 101/104 MP: 15/22
 19405 | Lair:6   | Found a staircase to the Slime Pits.
 20544 | Orc:1    | Entered Level 1 of the Orcish Mines
 20743 | Orc:1    | Found a roughly hewn altar of Beogh.
 20811 | Orc:1    | Reached skill level 10 in Dodging
 21071 | Orc:2    | Entered Level 2 of the Orcish Mines
 21170 | Orc:2    | Found a roughly hewn altar of Beogh.
 21460 | Orc:2    | Found Uproiw's Distillery.
 21461 | Orc:2    | Found Kiapp's Food Boutique.
 21465 | Orc:2    | Bought a potion of heal wounds for 70 gold pieces
 21672 | Orc:2    | Noticed Maurice
 21677 | Orc:2    | Killed Maurice
 21718 | Orc:2    | Found a staircase to the Elven Halls.
 22298 | Orc:2    | Gained mutation: You resist negative energy. (rN+) [demonic ancestry]
 22298 | Orc:2    | Reached XP level 15. HP: 114/114 MP: 9/26
 22303 | Orc:2    | Found Ummul's Antique Armour Emporium.
 22303 | Orc:2    | Found Ytimp's Gadget Shoppe.
 22303 | Orc:2    | Found a one-way gate leading to the halls of Pandemonium.
 22476 | Orc:2    | Bought a buckler for 121 gold pieces
 22577 | D:11     | Found Kalokint's General Store.
 22594 | D:11     | Bought a potion of heal wounds for 70 gold pieces
 22882 | D:11     | Found Keseitzo's General Store.
 22885 | D:11     | Bought 3 potions of resistance for 330 gold pieces
 22950 | D:11     | Found Vuoczing's Assorted Antiques.
 22960 | D:11     | Bought a fuming yellow potion for 24 gold pieces
 22972 | D:11     | Gained mutation: You have very sharp teeth. [potion of beneficial mutation]
 22973 | D:11     | Gained mutation: Your flesh is heat resistant. (rF+) [potion of beneficial mutation]
 23246 | D:11     | Reached skill level 10 in Fighting
 23404 | D:12     | Noticed Nergalle
 23411 | D:12     | Killed Nergalle
 24335 | D:13     | Reached skill level 1 in Shields
 24781 | D:13     | Noticed Urug
 24786 | D:13     | Killed Urug
 25315 | D:14     | Reached skill level 10 in Spellcasting
 25363 | D:14     | Found a gate to the Vaults.
 25593 | D:14     | Found Jeful's General Store.
 26188 | D:15     | Entered Level 15 of the Dungeon
 26217 | D:15     | Paralysed by an orc sorcerer for 7 turns
 26229 | D:15     | Got a steaming lapis lazuli ring
 26238 | D:15     | Found a staircase to the Depths.
 26275 | D:15     | Identified the ring "Emymuok" {MP+9 Int+4 Dex+2} (You found it on level 15 of the Dungeon)
 26425 | D:15     | Gained mutation: You are mostly covered in large bone plates. (SH +6) [demonic ancestry]
 26425 | D:15     | Reached XP level 16. HP: 123/123 MP: 25/30
 27052 | D:15     | Found a hazy altar of Hepliaklqana.
 27052 | D:15     | Found a shimmering altar of Xom.
 27076 | D:15     | Noticed a tengu reaver
 27082 | D:15     | Killed a tengu reaver
 27120 | D:15     | Learned a level 5 spell: Bolt of Magma
 27125 | D:15     | Learned a level 2 spell: Blink
 27128 | D:15     | Learned a level 2 spell: Repel Missiles
 27331 | Spider:1 | Entered Level 1 of the Spider Nest
 29803 | Spider:4 | Entered Level 4 of the Spider Nest
 29824 | Spider:4 | Reached XP level 17. HP: 133/133 MP: 33/33
 30500 | Spider:4 | Got a gossamer rune of Zot
 31105 | Vaults:1 | Entered Level 1 of the Vaults
 31456 | Vaults:1 | Reached skill level 5 in Unarmed Combat
 32197 | Vaults:1 | Reached XP level 18. HP: 143/143 MP: 30/35
 33313 | Vaults:2 | Reached skill level 10 in Unarmed Combat
 33348 | Vaults:2 | Gained mutation: You sometimes gain power by taking damage. [demonic ancestry]
 33348 | Vaults:2 | Reached XP level 19. HP: 89/153 MP: 23/36
 34888 | Vaults:2 | Reached skill level 15 in Fighting
 35394 | Vaults:2 | Found a staircase to the Crypt.
 36199 | Vaults:3 | Reached skill level 15 in Dodging
 36229 | Vaults:3 | Gained mutation: You are powered by pain. [demonic ancestry]
 36229 | Vaults:3 | Reached XP level 20. HP: 91/163 MP: 37/37
 36908 | Vaults:4 | Found Honnuem's Book Emporium.
 37071 | Vaults:4 | Noticed Bai Suzhen
 37079 | Vaults:4 | Killed Bai Suzhen
 38730 | Elf:1    | Entered Level 1 of the Elven Halls
 38806 | Elf:1    | Gained mutation: You are completely covered in large bone plates. (SH +8) [demonic ancestry]
 38806 | Elf:1    | Reached XP level 21. HP: 172/172 MP: 38/38
 38883 | Elf:1    | Got a pair of faintly glowing boots
 38937 | Elf:1    | Reached skill level 15 in Unarmed Combat
 39553 | Elf:1    | Found Idghegup's General Store.
 39563 | Elf:1    | Bought an uncursed ring of protection from cold for 375 gold pieces
 40307 | Elf:2    | Found a runed gate.
 40307 | Elf:2    | Found a runed gate.
 40307 | Elf:2    | Found a runed gate.
 40398 | Elf:3    | Entered Level 3 of the Elven Halls
 40529 | Elf:3    | Found Ucwoasmaed's Weapon Shop.
 40835 | Elf:3    | Found a radiant altar of Vehumet.
 41451 | Elf:3    | Identified Miamisk's Disquisition on Dark Secrets
 41457 | Elf:3    | Identified Adent's Handbook of Earth and Sinister Rites
 41508 | Elf:3    | Got a fine pewter ring
 41529 | Elf:3    | Identified Vanujut's Almanac of Dislocation
 41560 | Elf:3    | Got a distressingly furry helmet
 41622 | Elf:3    | Identified a +2 rod of shadows (10/10) (You found it on level 3 of the Elven Halls)
 41623 | Elf:3    | Identified a +3 rod of inaccuracy (12/12) (You found it on level 3 of the Elven Halls)
 41647 | Elf:3    | Got a slimy shield
 41648 | Elf:3    | Identified the +2 shield of Honour {-Tele rElec rF++ Stlth+} (You found it on level 3 of the Elven Halls)
 41649 | Elf:3    | Identified the +1 helmet "Wipsoxam" {rC- rN+ MR+ Str+4} (You found it on level 3 of the Elven Halls)
 41650 | Elf:3    | Identified the ring "Iphail" {rF- MR+++ MP+9 Str+6} (You found it on level 3 of the Elven Halls)
 42712 | Depths:1 | Entered Level 1 of the Depths
 42886 | Depths:1 | Reached XP level 22. HP: 182/182 MP: 35/39
 42919 | Depths:1 | Got a coiled bronze ring
 43527 | Depths:1 | Found a gateway to Hell.
 44014 | Depths:2 | Identified the ring "Woapu" {Slay+5 SInv} (You found it on level 1 of the Depths)
 44452 | Depths:2 | Gained mutation: Your spells are a little harder to cast, but a little more powerful. [potion of beneficial mutation]
 45142 | Depths:3 | Got a sparkling bone ring
 45143 | Depths:3 | Identified the ring "Kecvath" {rN+ MP+9 Slay+2 Stlth+} (You acquired it on level 3 of the Depths)
 45214 | Depths:3 | Got a pair of ichor-stained gloves
 45215 | Depths:3 | Identified the +1 pair of gloves "Boonn" {Regen+ Dex+3} (You found it on level 3 of the Depths)
 45391 | Depths:3 | Found a basalt altar of Yredelemnul.
 45406 | Depths:3 | Found Nemag's Jewellery Emporium.
 45426 | Depths:3 | Bought the amulet of the Fortune-Teller {+Rage rF++ rC++ Str-2} for 1478 gold pieces
 45474 | Depths:3 | Paralysed by a floating eye for 3 turns
 45982 | Depths:3 | Reached XP level 23. HP: 190/190 MP: 33/40
 46228 | Depths:4 | Found a runed door.
 46228 | Depths:4 | Noticed a juggernaut
 46230 | Depths:4 | Noticed a caustic shrike
 46236 | Depths:4 | Killed a caustic shrike
 46239 | Depths:4 | Killed a juggernaut
 46305 | Depths:4 | Found a runed door.
 46327 | Depths:4 | Found a runed door.
 46335 | Depths:4 | Found a runed door.
 46474 | Depths:4 | Found a one-way gate to the infinite horrors of the Abyss.
 47364 | Depths:4 | Identified the Reference Book on Confrontation
 48350 | Depths:5 | Entered Level 5 of the Depths
 48431 | Depths:5 | Found a gate to the Realm of Zot.
 48460 | Depths:5 | Gained mutation: You are somewhat able to resist unholy torments (1 in 2 success). [demonic ancestry]
 48460 | Depths:5 | Reached XP level 24. HP: 201/201 MP: 35/40
 48742 | Depths:5 | Noticed a juggernaut
 48748 | Depths:5 | Killed a juggernaut
 48748 | Depths:5 | Reached skill level 5 in Shields
 49035 | Depths:5 | Found a gateway to a ziggurat.
 49777 | Shoals:1 | Entered Level 1 of the Shoals
 49810 | Shoals:1 | Noticed Louise
 49812 | Shoals:1 | Killed Louise
 50291 | Shoals:3 | Found Qaci's Armour Shop.
 50434 | Shoals:4 | Entered Level 4 of the Shoals
 50436 | Shoals:4 | Found a flickering gateway to a bazaar.
 50447 | Bazaar   | Entered a bazaar
 50452 | Bazaar   | Found Gulasop's Jewellery Boutique.
 50469 | Bazaar   | Found Kumyqer's Gadget Shoppe.
 50487 | Bazaar   | Found Hucij's Food Boutique.
 50504 | Bazaar   | Found Majov's General Store.
 50527 | Bazaar   | Bought the ring of Dehitoc {Wiz rF+ MR+ Str+3} for 614 gold pieces
 50709 | Shoals:4 | Got a scorched amber ring
 50710 | Shoals:4 | Identified the ring "Myamm" {rF+ MR+} (You found it on level 4 of the Shoals)
 50886 | Shoals:4 | Got a barnacled rune of Zot
 51073 | Shoals:4 | Noticed Ilsuiw
 51079 | Shoals:4 | Killed Ilsuiw
 51831 | Vaults:5 | Entered Level 5 of the Vaults
 51938 | Vaults:4 | Reached skill level 10 in Shields
 51944 | Vaults:4 | Reached XP level 25. HP: 210/210 MP: 40/40
 51967 | Vaults:5 | Paralysed by a floating eye for 3 turns
 52494 | Vaults:5 | Found Rawarr's Food Shoppe.
 52663 | Vaults:5 | Learned a level 6 spell: Deflect Missiles
 52717 | Vaults:5 | Got a steaming emerald amulet
 52734 | Vaults:5 | Learned a level 4 spell: Passage of Golubria
 52830 | Vaults:5 | Identified the amulet of the Bruised Gods {Inacc rN++ MP-9 Dex+4} (You found it on level 5 of the Vaults)
 52957 | Vaults:5 | Got a bound bone ring
 52961 | Vaults:5 | Identified the ring "Iturhab" {rElec rPois AC+3} (You took it off a yaktaur captain on level 5 of the Vaults)
 53193 | Vaults:5 | Got a silver rune of Zot
 53577 | Depths:4 | Voluntarily entered the Abyss.
 54777 | Abyss:2  | Got a silken robe
 55067 | Abyss:3  | Gained mutation: Your natural rate of healing is unusually fast. [a neqoxec]
 55102 | Abyss:3  | Gained mutation: You are weak. (Str -2) [a neqoxec]
 55103 | Abyss:3  | Gained mutation: You occasionally shout uncontrollably at your foes. [a neqoxec]
 55121 | Abyss:3  | Reached XP level 26. HP: 218/218 MP: 40/40
 55135 | Abyss:3  | Reached skill level 15 in Shields
 55195 | Abyss:3  | Found a deep blue altar of Sif Muna.
 55213 | Abyss:3  | Identified Sif Muna's Volume of Transmutation
 55213 | Abyss:3  | Identified the Papyrus of the Arsonist
 55263 | Abyss:3  | Identified the Incunabulum of Fire
 55268 | Abyss:3  | Identified the Incunabulum of Black Rites
 55275 | Abyss:3  | Identified the Incunabulum of the Escort
 55284 | Abyss:3  | Identified the Disquisition on Transmigration
 55291 | Abyss:3  | Found a deep blue altar of Sif Muna.
 55345 | Abyss:3  | Identified the Collected Works on Battle Magic
 55349 | Abyss:3  | Found a deep blue altar of Sif Muna.
 55423 | Abyss:3  | Gained mutation: You are frail. (-10% HP) [a neqoxec]
 55423 | Abyss:3  | Lost mutation: You are agile. (Dex +2) [a neqoxec]
 55511 | Abyss:3  | Found a viscous altar of Jiyva.
 55853 | Abyss:4  | Reached skill level 1 in Translocations
 56131 | Abyss:4  | Gained mutation: You sometimes yell uncontrollably at your foes. [a neqoxec]
 56191 | Abyss:4  | Paralysed by accursed screaming for 1 turns
 56384 | Abyss:4  | Reached skill level 5 in Translocations
 56398 | Abyss:4  | Got an abyssal rune of Zot
 56619 | Depths:4 | Escaped the Abyss
 56622 | Depths:4 | Identified the cursed +1 robe of Omission {rElec Regen+ Str+4 Int-5 Dex+3} (You found it on level 2 of the Abyss)
 56845 | Crypt:1  | Entered Level 1 of the Crypt
 57079 | Crypt:1  | Noticed a greater mummy
 57084 | Crypt:1  | Killed a greater mummy
 57090 | Crypt:1  | Noticed a greater mummy
 57095 | Crypt:1  | Killed a greater mummy
 57115 | Crypt:1  | Noticed a greater mummy
 57124 | Crypt:1  | Killed a greater mummy
 57874 | Crypt:2  | Gained mutation: Your melee attacks may debilitate your foes. [demonic ancestry]
 57874 | Crypt:2  | Reached XP level 27. HP: 203/203 MP: 41/41
 57929 | Crypt:2  | Reached skill level 15 in Spellcasting
 58411 | Crypt:3  | Entered Level 3 of the Crypt
 58565 | Crypt:3  | Found a basalt altar of Yredelemnul.
 58872 | Crypt:3  | Identified the Disquisition on Unholy Rites
 58880 | Crypt:3  | Identified the Guide on Moulding
 58945 | Crypt:3  | Noticed Khufu
 58951 | Crypt:3  | Killed Khufu
 58970 | Crypt:3  | Found a staircase to the Tomb.
 59061 | Crypt:3  | Reached skill level 14 in Earth Magic
 59333 | Tomb:1   | Entered Level 1 of the Tomb of the Ancients
 59431 | Tomb:1   | Reached skill level 15 in Earth Magic
 59810 | Tomb:2   | Noticed a greater mummy
 59811 | Tomb:2   | Noticed Frederick
 59813 | Tomb:2   | Noticed an ancient lich
 59814 | Tomb:2   | Noticed a greater mummy
 59815 | Tomb:2   | Reached skill level 16 in Earth Magic
 59816 | Tomb:2   | Noticed a greater mummy
 59821 | Tomb:1   | Killed a greater mummy
 59953 | Tomb:1   | Killed a greater mummy
 59992 | Tomb:2   | Killed an ancient lich
 60072 | Tomb:2   | Killed a greater mummy
 60077 | Tomb:2   | Reached skill level 17 in Earth Magic
 60090 | Tomb:2   | Killed Frederick
 60348 | Tomb:1   | Noticed a greater mummy
 60353 | Tomb:1   | Noticed a greater mummy
 60354 | Tomb:1   | Killed a greater mummy
 60356 | Tomb:1   | Noticed a greater mummy
 60358 | Tomb:1   | Noticed a greater mummy
 60361 | Tomb:1   | Killed a greater mummy
 60363 | Tomb:1   | Noticed a greater mummy
 60367 | Tomb:1   | Killed a greater mummy
 60380 | Tomb:1   | Killed a greater mummy
 60385 | Tomb:1   | Killed a greater mummy
 60561 | Tomb:1   | Noticed a greater mummy
 60565 | Tomb:1   | Killed a greater mummy
 60565 | Tomb:1   | Reached skill level 18 in Earth Magic
 60633 | Tomb:1   | Noticed a greater mummy
 60635 | Tomb:1   | Noticed a greater mummy
 60636 | Tomb:1   | Noticed a greater mummy
 60638 | Tomb:1   | Noticed a greater mummy
 60638 | Tomb:1   | Killed a greater mummy
 60641 | Tomb:1   | Noticed a greater mummy
 60642 | Tomb:1   | Killed a greater mummy
 60644 | Tomb:1   | Killed a greater mummy
 60651 | Tomb:1   | Noticed a greater mummy
 60657 | Tomb:1   | Killed a greater mummy
 60667 | Tomb:1   | Killed a greater mummy
 60673 | Tomb:1   | Killed a greater mummy
 60926 | Tomb:3   | Entered Level 3 of the Tomb of the Ancients
 61018 | Tomb:2   | Reached skill level 19 in Earth Magic
 61038 | Tomb:3   | Noticed a greater mummy
 61042 | Tomb:3   | Noticed a greater mummy
 61043 | Tomb:3   | Noticed a greater mummy
 61142 | Tomb:3   | Noticed a greater mummy
 61143 | Tomb:3   | Noticed a greater mummy
 61210 | Tomb:2   | Killed a greater mummy
 61213 | Tomb:2   | Killed a greater mummy
 61217 | Tomb:2   | Killed a greater mummy
 61221 | Tomb:2   | Killed a greater mummy
 61338 | Tomb:3   | Killed a greater mummy
 61338 | Tomb:3   | Reached skill level 20 in Earth Magic
 61351 | Tomb:3   | Noticed a greater mummy
 61354 | Tomb:3   | Killed a greater mummy
 61387 | Tomb:3   | Noticed a greater mummy
 61392 | Tomb:3   | Noticed a greater mummy
 61393 | Tomb:3   | Killed a greater mummy
 61397 | Tomb:3   | Killed a greater mummy
 61479 | Tomb:3   | Got a scorched bone ring
 61480 | Tomb:3   | Identified the ring of Miracles {rCorr Str+3} (You found it on level 3 of the Tomb of the Ancients)
 61507 | Tomb:3   | Identified Obiops's Disquisition on the Doomed Snowflakes
 61516 | Tomb:3   | Learned a level 6 spell: Iron Shot
 61593 | Tomb:3   | Noticed a greater mummy
 61594 | Tomb:3   | Got a golden rune of Zot
 61601 | Tomb:3   | Killed a greater mummy
 61879 | Tomb:3   | Learned a level 9 spell: Shatter
 62021 | Tomb:1   | Noticed a greater mummy
 62028 | Tomb:1   | Killed a greater mummy
 62198 | Crypt:1  | Reached skill level 21 in Earth Magic
 62499 | Zot:1    | Entered Level 1 of the Realm of Zot
 63059 | Zot:1    | Reached skill level 22 in Earth Magic
 63506 | Zot:2    | Reached skill level 23 in Earth Magic
 63981 | Zot:3    | Reached skill level 24 in Earth Magic
 64951 | Zot:1    | Reached skill level 25 in Earth Magic
 65141 | Zig:1    | Entered Level 1 of a ziggurat
 65162 | Zig:2    | Entered Level 2 of a ziggurat
 65186 | Zig:3    | Entered Level 3 of a ziggurat
 65216 | Zig:4    | Entered Level 4 of a ziggurat
 65254 | Zig:5    | Entered Level 5 of a ziggurat
 65285 | Zig:6    | Entered Level 6 of a ziggurat
 65319 | Zig:7    | Entered Level 7 of a ziggurat
 65355 | Zig:7    | Got a clouded glass ring
 65356 | Zig:7    | Identified the ring "Buofroh" {MP+9 Str+6} (You found it on level 7 of a ziggurat)
 65362 | Zig:7    | Identified Sif Muna's Catalogue of Enhancements and the Entourage
 65370 | Zig:8    | Entered Level 8 of a ziggurat
 65384 | Zig:8    | Noticed Ifuigek the pandemonium lord
 65393 | Zig:8    | Killed Ifuigek the pandemonium lord
 65412 | Zig:8    | Got a slimy glass ring
 65433 | Zig:8    | Identified the ring of Gluttony {+Fly rF+ rN+ Str+6} (You found it on level 8 of a ziggurat)
 65460 | Zig:9    | Entered Level 9 of a ziggurat
 65581 | Zig:10   | Entered Level 10 of a ziggurat
 65607 | Zig:10   | Reached skill level 26 in Earth Magic
 65728 | Zig:11   | Entered Level 11 of a ziggurat
 65740 | Zig:11   | Noticed a juggernaut
 65744 | Zig:11   | Killed a juggernaut
 65765 | Zig:11   | Identified the Catalogue of Aid
 65768 | Zig:11   | Got a coiled iron amulet
 65773 | Zig:11   | Identified the amulet "Lony" {RegenMP MR+} (You found it on level 11 of a ziggurat)
 65791 | Zig:12   | Entered Level 12 of a ziggurat
 65840 | Zig:12   | Identified the Papyrus of the Oath
 65846 | Zig:12   | Learned a level 3 spell: Regeneration
 65857 | Zig:12   | Got a dull robe
 65864 | Zig:13   | Entered Level 13 of a ziggurat
 65870 | Zig:13   | Noticed a juggernaut
 65874 | Zig:13   | Reached skill level 1 in Evocations
 65876 | Zig:13   | Noticed a juggernaut
 65877 | Zig:13   | Killed a juggernaut
 65878 | Zig:13   | Killed a juggernaut
 65878 | Zig:13   | Reached skill level 5 in Evocations
 65928 | Zig:13   | Identified Edovacsu's Grimoire of Igneous Conjuration
 65947 | Zig:14   | Entered Level 14 of a ziggurat
 66018 | Zig:14   | Identified the Grimoire of Ice
 66029 | Zig:14   | Learned a level 8 spell: Controlled Blink
 66148 | Zig:15   | Entered Level 15 of a ziggurat
 66187 | Zig:15   | Reached skill level 10 in Evocations
 66233 | Zig:15   | Got a coiled tin amulet
 66248 | Zig:16   | Entered Level 16 of a ziggurat
 66369 | Zig:16   | Identified the Almanac of the Quantum Snowflakes
 66379 | Zig:16   | Identified the amulet "Ohargh" {Harm *Drain rPois rC+++ Int-5} (You found it on level 15 of a ziggurat)
 66392 | Zig:16   | Learned a level 9 spell: Tornado
 66413 | Zig:17   | Entered Level 17 of a ziggurat
 66449 | Zig:17   | Reached skill level 1 in Air Magic
 66458 | Zig:17   | Reached skill level 5 in Air Magic
 66689 | Pan      | Entered Pandemonium
 66739 | Pan      | Reached skill level 10 in Air Magic
 66937 | Pan      | Gained mutation: Your magical capacity is low. (-10% MP) [a neqoxec]
 67070 | Pan      | Gained mutation: Scrolls take you a little longer to read. [a neqoxec]
 67094 | Pan      | Noticed Hanoala the pandemonium lord
 67100 | Pan      | Killed Hanoala the pandemonium lord
 67215 | Pan      | Found an exit through the horrors of the Abyss.
 67239 | Pan      | Noticed Nietha the pandemonium lord
 67243 | Pan      | Killed Nietha the pandemonium lord
 67312 | Pan      | Found an exit through the horrors of the Abyss.
 67342 | Pan      | Gained mutation: Your magical capacity is very low. (-20% MP) [a cacodemon]
 67601 | Pan      | Noticed Mevingoy the pandemonium lord
 67606 | Pan      | Killed Mevingoy the pandemonium lord
 67664 | Pan      | Gained mutation: You expend magic power (3 MP) to strengthen your wands. [a neqoxec]
 67764 | Pan      | Noticed Guntuh the pandemonium lord
 67770 | Pan      | Killed Guntuh the pandemonium lord
 67852 | Pan      | Reached skill level 15 in Air Magic
 67898 | Pan      | Found an exit through the horrors of the Abyss.
 67967 | Pan      | Noticed Ladar the pandemonium lord
 67972 | Pan      | Killed Ladar the pandemonium lord
 68090 | Pan      | Noticed Saoxow the pandemonium lord
 68100 | Pan      | Killed Saoxow the pandemonium lord
 68216 | Pan      | Noticed Wukluih the pandemonium lord
 68224 | Pan      | Killed Wukluih the pandemonium lord
 68277 | Pan      | Entered the realm of Lom Lobon.
 68467 | Pan      | Found an exit through the horrors of the Abyss.
 68646 | Pan      | Noticed Lom Lobon
 68656 | Pan      | Killed from afar by Lom Lobon

Skill      XL: |  1  2  3  4  5  6  7  8  9 10 11 12 13 14 15 16 17 18 19 20 21 22 23 24 25 26 27 |
---------------+----------------------------------------------------------------------------------+-----
Transmutations | 2 3 4 5 7 8 10 | 10.7
Dodging        | 2 3 4 5 6 7 9 10 11 12 13 14 15 16 17 18 19 20 | 20.0
Spellcasting   | 3 5 7 10 12 13 14 15 | 15.7
Fighting       | 4 5 7 9 10 12 13 14 15 16 17 18 19 20 21 | 21.5
Earth Magic    | 6 10 13 26 | 26.5
Invocations    | 2 10 12 | 12.7
Shields        | 4 10 14 16 | 16.3
Unarmed Combat | 6 10 12 14 16 18 19 20 | 20.1
Translocations | 8 |  8.8
Evocations     | 11 | 11.8
Air Magic      | 17 | 17.7

Action                   |  1- 3 |  4- 6 |  7- 9 | 10-12 | 13-15 | 16-18 | 19-21 | 22-24 | 25-27 || total
-------------------------+-------+-------+-------+-------+-------+-------+-------+-------+-------++-------
Melee: Unarmed           |   137 |   186 |   335 |   627 |  1136 |  1107 |   896 |  1135 |  2959 ||  8518
       Punch             |     1 |     1 |     5 |     3 |    27 |       |       |       |       ||    37
       Kick              |    12 |       |    30 |   219 |   565 |   612 |   400 |   490 |  1298 ||  3626
       Headbutt          |     5 |     8 |     1 |       |       |       |       |       |       ||    14
       Bite              |       |       |       |       |    76 |   235 |   164 |   193 |   469 ||  1137
 Cast: Beastly Appendage |    26 |    10 |     2 |       |       |       |       |       |       ||    38
       Spider Form       |     2 |    15 |    17 |     8 |       |       |       |       |       ||    42
       Blade Hands       |       |       |     8 |    14 |     1 |       |       |       |       ||    23
       Ice Form          |       |       |       |    12 |       |       |       |       |       ||    12
       Statue Form       |       |       |       |    26 |   120 |    88 |    89 |    81 |   201 ||   605
       Bolt of Magma     |       |       |       |       |       |    30 |     3 |    11 |       ||    44
       Repel Missiles    |       |       |       |       |       |     2 |     3 |     2 |     1 ||     8
       Shatter           |       |       |       |       |       |       |       |       |    50 ||    50
       Regeneration      |       |       |       |       |       |       |       |       |     6 ||     6
       Iron Shot         |       |       |       |       |       |       |       |       |     1 ||     1
Invok: Slouch            |       |       |       |       |    13 |    20 |    12 |     1 |     2 ||    48
Evoke: Wand              |       |     1 |     1 |     7 |     1 |       |       |     2 |     1 ||    13
       Staff of energy   |       |       |       |       |       |       |       |       |     2 ||     2
  Use: Scroll            |       |     7 |    10 |     6 |    17 |     6 |     7 |     8 |    19 ||    80
       Potion            |       |       |     3 |     2 |     2 |       |       |     2 |     4 ||    13
 Stab: Sleeping          |     6 |    11 |     8 |     6 |    13 |     9 |     3 |     9 |     6 ||    71
       Distracted        |       |       |     1 |     1 |     4 |     2 |     6 |     1 |     8 ||    23
  Eat: Chunk             |     5 |    10 |    11 |    22 |    46 |    14 |    13 |    13 |    16 ||   150
       Bread ration      |       |       |     1 |     2 |     4 |     3 |     3 |     2 |     8 ||    23
       Royal jelly       |       |       |       |       |     1 |       |       |       |       ||     1
Armor: Robe              |    28 |    26 |       |     5 |     9 |       |       |     4 |     7 ||    79
       Skin              |       |     7 |    56 |   230 |   679 |   553 |   254 |   364 |   737 ||  2880
       Leather armour    |       |     4 |    42 |     7 |       |       |       |       |       ||    53
Dodge: Dodged            |    86 |   132 |   306 |   897 |  2560 |  1775 |  1095 |  1583 |  3639 || 12073
       Deflected         |       |       |       |       |       |     3 |    14 |     6 |     6 ||    29
Block: Other             |       |       |       |       |   302 |       |       |       |     1 ||   303
       Buckler           |       |       |       |       |    47 |  1721 |  1149 |  1055 |       ||  3972
       Reflection        |       |       |       |       |     1 |    26 |    94 |    12 |       ||   133
       Shield            |       |       |       |       |       |       |       |   614 |  5445 ||  6059
